[ AOE2 MATCH · #506492134 ]
UnrankedMaya vs Mapuche
Player's team · WIN
Rival team · LOSS
[ REPLAY ANALYSIS · EXTRACTED FROM THE RECORDED GAME ]
Feudal
9:28
Castle
20:41
Imperial
36:15
| APM avg | 64.1 |
| APM peak | 119 |
| eAPM avg | 29.9 |
| Villagers / military | 152 / 115 |
Focus
⚔️ 44.4% · 🌾 55.6%
Plumed Archer ×83 · Mangonel ×12 · Trebuchet (Packed) ×8 · Archer ×7 · Monk ×2 · Eagle Scout ×2
Feudal
8:52
Castle
23:33
Imperial
38:28
| APM avg | 91.8 |
| APM peak | 141 |
| eAPM avg | 43.9 |
| Villagers / military | 199 / 178 |
Focus
⚔️ 50.9% · 🌾 49.1%
Skirmisher ×91 · Kona ×64 · Mangonel ×19 · Unknown (2550) ×7 · Monk ×3 · Scorpion ×1
Match map
Initial resources + every placement click. Lines = walls · curves = elevation contours. ◆ gold · ⬟ stone · ● berries · ✦ relic · ◌ wall gap
Your base· Open — unwalled flank
DS_Gali's base· Open — unwalled flank
Smoothed initial terrain · ◌ = detected wall gap · hover for details
Inputs per minute
— Valas - - DS_Gali
Build order — Valas
First 150 of 438 actions detected
| 0:00 | Create | Villager (Male) |
| 0:00 | Create | Villager (Male) |
| 0:01 | Create | Villager (Male) |
| 0:02 | Build | House |
| 0:04 | Research | Loom |
| 0:04 | Create | Villager (Male) |
| 0:04 | Create | Villager (Male) |
| 0:05 | Create | Villager (Male) |
| 0:05 | Build | House |
| 1:28 | Create | Villager (Male) |
| 1:53 | Create | Villager (Male) |
| 2:17 | Create | Villager (Male) |
| 2:28 | Build | Lumber Camp |
| 2:50 | Create | Villager (Male) |
| 3:12 | Create | Villager (Male) |
| 3:45 | Build | Palisade Wall |
| 3:46 | Build | House |
| 3:47 | Build | House |
| 3:53 | Create | Villager (Male) |
| 4:03 | Create | Villager (Male) |
| 4:09 | Create | Villager (Male) |
| 4:56 | Build | Palisade Wall |
| 4:57 | Build | Palisade Wall |
| 5:10 | Create | Villager (Male) |
| 5:17 | Create | Villager (Male) |
| 5:55 | Create | Villager (Male) |
| 6:02 | Build | Mining Camp |
| 6:10 | Create | Villager (Male) |
| 6:49 | Create | Villager (Male) |
| 7:18 | Research | Feudal Age |
| 7:40 | Build | Lumber Camp |
| 8:28 | Build | Barracks |
| 9:08 | Build | Palisade Wall |
| 9:19 | Create | Villager (Male) |
| 9:28 | Age | Feudal Age |
| 9:35 | Build | Archery Range |
| 9:43 | Build | Blacksmith |
| 9:46 | Create | Villager (Male) |
| 9:49 | Build | House |
| 9:50 | Build | House |
| 9:51 | Build | Palisade Wall |
| 10:01 | Build | Palisade Wall |
| 10:07 | Build | Palisade Gate |
| 10:20 | Create | Villager (Male) |
| 10:32 | Research | Double-Bit Axe |
| 10:41 | Create | Villager (Male) |
| 10:43 | Build | Mill |
| 10:54 | Create | Archer |
| 11:05 | Create | Villager (Male) |
| 11:08 | Build | Outpost |
| 11:15 | Build | Farm |
| 11:16 | Build | Farm |
| 11:20 | Build | House |
| 11:31 | Build | Farm |
| 11:35 | Create | Archer |
| 11:43 | Create | Villager (Male) |
| 11:51 | Build | Farm |
| 11:54 | Create | Archer |
| 12:05 | Create | Villager (Male) |
| 12:07 | Build | Farm |
| 12:16 | Build | Farm |
| 12:23 | Create | Archer |
| 12:24 | Create | Villager (Male) |
| 12:39 | Build | Farm |
| 12:48 | Build | Farm |
| 12:50 | Create | Villager (Male) |
| 12:58 | Create | Archer |
| 13:07 | Research | Fletching |
| 13:13 | Create | Villager (Male) |
| 13:18 | Build | Farm |
| 13:24 | Research | Horse Collar |
| 13:25 | Research | Horse Collar |
| 13:39 | Create | Villager (Male) |
| 13:51 | Build | Farm |
| 13:59 | Create | Archer |
| 14:00 | Create | Villager (Male) |
| 14:11 | Create | Villager (Male) |
| 14:26 | Create | Eagle Scout |
| 14:29 | Create | Villager (Male) |
| 14:51 | Create | Villager (Male) |
| 15:09 | Create | Eagle Scout |
| 15:11 | Create | Archer |
| 15:11 | Create | Skirmisher |
| 15:11 | Create | Villager (Male) |
| 15:20 | Create | Villager (Male) |
| 15:34 | Create | Villager (Male) |
| 15:38 | Create | Villager (Male) |
| 15:56 | Create | Villager (Male) |
| 16:10 | Build | Palisade Wall |
| 16:19 | Build | Farm |
| 16:19 | Create | Villager (Male) |
| 16:21 | Build | House |
| 16:33 | Build | House |
| 16:33 | Build | House |
| 16:35 | Build | Palisade Wall |
| 16:42 | Research | Town Watch |
| 16:54 | Build | Watch Tower |
| 16:56 | Create | Villager (Male) |
| 17:06 | Build | Mining Camp |
| 17:15 | Build | Farm |
| 17:17 | Create | Villager (Male) |
| 17:20 | Build | Market |
| 17:21 | Build | Palisade Wall |
| 17:21 | Build | Palisade Wall |
| 17:32 | Create | Villager (Male) |
| 17:46 | Create | Villager (Male) |
| 17:50 | Build | Mining Camp |
| 18:01 | Research | Castle Age |
| 19:16 | Build | Palisade Wall |
| 20:06 | Build | House |
| 20:08 | Build | Palisade Wall |
| 20:09 | Build | Palisade Wall |
| 20:23 | Build | Outpost |
| 20:41 | Age | Castle Age |
| 20:43 | Build | Palisade Wall |
| 20:45 | Create | Villager (Male) |
| 20:55 | Build | Siege Workshop |
| 20:57 | Create | Villager (Male) |
| 21:04 | Build | Siege Workshop |
| 21:07 | Research | Bow Saw |
| 21:09 | Research | Bodkin Arrow |
| 21:12 | Research | Wheelbarrow |
| 21:49 | Build | Town Center |
| 21:50 | Create | Villager (Male) |
| 22:02 | Create | Villager (Male) |
| 22:05 | Create | Villager (Male) |
| 22:15 | Create | Mangonel |
| 22:40 | Create | Villager (Male) |
| 22:45 | Build | Lumber Camp |
| 22:48 | Create | Villager (Male) |
| 22:48 | Create | Villager (Male) |
| 22:57 | Create | Villager (Male) |
| 23:02 | Create | Mangonel |
| 23:12 | Create | Villager (Male) |
| 23:17 | Build | Palisade Wall |
| 23:35 | Create | Villager (Male) |
| 23:39 | Create | Villager (Male) |
| 23:53 | Create | Villager (Male) |
| 24:00 | Build | Castle |
| 24:10 | Create | Villager (Male) |
| 24:13 | Create | Villager (Male) |
| 24:17 | Create | Villager (Male) |
| 24:29 | Build | Farm |
| 24:30 | Build | Farm |
| 24:30 | Build | Farm |
| 24:31 | Build | Farm |
| 24:32 | Build | Farm |
| 24:37 | Create | Villager (Male) |
| 25:05 | Create | Plumed Archer |
| 25:05 | Create | Plumed Archer |
Build order — DS_Gali
First 150 of 503 actions detected
| 0:01 | Create | Villager (Male) |
| 0:01 | Build | House |
| 0:02 | Build | House |
| 0:05 | Create | Villager (Male) |
| 0:07 | Create | Villager (Male) |
| 0:10 | Create | Villager (Male) |
| 1:23 | Create | Villager (Male) |
| 1:50 | Create | Villager (Male) |
| 2:15 | Create | Villager (Male) |
| 2:15 | Create | Villager (Male) |
| 2:40 | Build | Settlement |
| 2:46 | Create | Villager (Male) |
| 2:46 | Create | Villager (Male) |
| 3:17 | Create | Villager (Male) |
| 3:40 | Create | Villager (Male) |
| 4:08 | Create | Villager (Male) |
| 4:27 | Create | Villager (Male) |
| 4:47 | Build | Settlement |
| 4:58 | Create | Villager (Male) |
| 5:23 | Create | Villager (Male) |
| 5:46 | Create | Villager (Male) |
| 6:05 | Research | Loom |
| 6:35 | Build | Barracks |
| 6:42 | Research | Feudal Age |
| 6:42 | Research | Feudal Age |
| 7:29 | Create | Unit 2550 |
| 7:54 | Build | Settlement |
| 7:59 | Create | Unit 2550 |
| 8:28 | Build | House |
| 8:51 | Create | Villager (Male) |
| 8:52 | Age | Feudal Age |
| 9:04 | Research | Tech 1402 |
| 9:04 | Research | Tech 1402 |
| 9:04 | Research | Tech 1402 |
| 9:06 | Create | Villager (Male) |
| 9:27 | Build | Settlement |
| 9:29 | Create | Villager (Male) |
| 9:36 | Research | Double-Bit Axe |
| 9:49 | Create | Villager (Male) |
| 10:15 | Create | Skirmisher |
| 10:15 | Create | Skirmisher |
| 10:27 | Create | Villager (Male) |
| 10:41 | Create | Skirmisher |
| 10:41 | Create | Skirmisher |
| 10:54 | Create | Villager (Male) |
| 11:04 | Create | Skirmisher |
| 11:07 | Build | Farm |
| 11:09 | Build | Farm |
| 11:10 | Build | Farm |
| 11:22 | Build | House |
| 11:23 | Create | Villager (Male) |
| 11:40 | Build | Farm |
| 11:45 | Create | Villager (Male) |
| 11:55 | Build | Farm |
| 11:59 | Create | Villager (Male) |
| 12:12 | Build | Farm |
| 12:22 | Build | House |
| 12:29 | Create | Villager (Male) |
| 12:32 | Build | Farm |
| 12:36 | Create | Unit 2550 |
| 12:48 | Research | Horse Collar |
| 13:00 | Create | Villager (Male) |
| 13:10 | Build | Settlement |
| 13:13 | Create | Villager (Male) |
| 13:32 | Build | Watch Tower |
| 13:34 | Create | Villager (Male) |
| 13:46 | Create | Skirmisher |
| 13:46 | Create | Skirmisher |
| 13:50 | Create | Villager (Male) |
| 14:07 | Create | Villager (Male) |
| 14:23 | Create | Unit 2550 |
| 14:35 | Create | Villager (Male) |
| 14:39 | Create | Villager (Male) |
| 14:46 | Create | Skirmisher |
| 14:47 | Create | Skirmisher |
| 14:56 | Create | Villager (Male) |
| 15:06 | Create | Villager (Male) |
| 15:11 | Create | Villager (Male) |
| 15:26 | Build | Blacksmith |
| 15:27 | Build | Farm |
| 15:27 | Build | Farm |
| 15:36 | Create | Unit 2550 |
| 15:44 | Build | Palisade Wall |
| 15:51 | Create | Villager (Male) |
| 15:55 | Create | Villager (Male) |
| 16:07 | Build | Farm |
| 16:11 | Create | Skirmisher |
| 16:11 | Create | Skirmisher |
| 16:13 | Build | House |
| 16:17 | Create | Villager (Male) |
| 16:22 | Research | Fletching |
| 16:24 | Build | Farm |
| 16:28 | Create | Villager (Male) |
| 16:34 | Create | Unit 2550 |
| 16:36 | Create | Villager (Male) |
| 16:46 | Build | Watch Tower |
| 16:53 | Create | Unit 2550 |
| 16:54 | Create | Villager (Male) |
| 16:57 | Build | Farm |
| 17:03 | Create | Villager (Male) |
| 17:18 | Create | Villager (Male) |
| 17:26 | Build | Farm |
| 17:28 | Build | Farm |
| 17:34 | Create | Villager (Male) |
| 17:39 | Build | Farm |
| 17:55 | Create | Villager (Male) |
| 17:57 | Build | Farm |
| 18:09 | Create | Villager (Male) |
| 18:24 | Create | Villager (Male) |
| 18:26 | Create | Villager (Male) |
| 18:34 | Create | Villager (Male) |
| 18:45 | Create | Villager (Male) |
| 18:47 | Create | Villager (Male) |
| 18:49 | Create | Villager (Male) |
| 18:53 | Build | Farm |
| 18:54 | Build | Farm |
| 18:57 | Build | Farm |
| 18:59 | Build | Farm |
| 19:02 | Create | Villager (Male) |
| 19:10 | Build | House |
| 19:11 | Build | Palisade Wall |
| 19:22 | Create | Villager (Male) |
| 19:31 | Create | Villager (Male) |
| 19:34 | Create | Villager (Male) |
| 19:43 | Create | Villager (Male) |
| 19:58 | Create | Villager (Male) |
| 20:02 | Build | House |
| 20:05 | Build | Farm |
| 20:10 | Create | Villager (Male) |
| 20:12 | Build | Blacksmith |
| 20:20 | Build | Market |
| 20:47 | Build | Watch Tower |
| 20:53 | Research | Castle Age |
| 20:53 | Research | Castle Age |
| 20:54 | Create | Villager (Male) |
| 21:05 | Create | Skirmisher |
| 21:06 | Create | Skirmisher |
| 21:06 | Create | Skirmisher |
| 21:09 | Create | Villager (Male) |
| 21:14 | Research | Scale Mail Armor |
| 21:14 | Research | Scale Mail Armor |
| 21:18 | Create | Villager (Male) |
| 21:28 | Create | Villager (Male) |
| 21:35 | Build | Watch Tower |
| 21:38 | Create | Villager (Male) |
| 21:51 | Research | Stone Mining |
| 21:54 | Create | Villager (Male) |
| 22:01 | Build | Outpost |
| 22:36 | Build | Settlement |
| 22:45 | Build | Farm |
Match timeline
| 3:45 | Valas · wall_segment Palisade Wall x1 |
| 4:56 | Valas · wall_segment Palisade Wall x1 |
| 4:57 | Valas · wall_segment Palisade Wall x5 |
| 6:35 | DS_Gali · first_building Barracks |
| 8:28 | Valas · first_building Barracks |
| 8:52 | DS_Gali · age_up feudal |
| 9:08 | Valas · wall_segment Palisade Wall x1 |
| 9:28 | Valas · age_up feudal |
| 9:35 | Valas · first_building Archery Range |
| 9:51 | Valas · wall_segment Palisade Wall x1 |
| 10:01 | Valas · wall_segment Palisade Wall x1 |
| 15:44 | DS_Gali · wall_segment Palisade Wall x1 |
| 16:10 | Valas · wall_segment Palisade Wall x3 |
| 16:35 | Valas · wall_segment Palisade Wall x1 |
| 17:21 | Valas · wall_segment Palisade Wall x1 |
| 17:21 | Valas · wall_segment Palisade Wall x1 |
| 19:11 | DS_Gali · wall_segment Palisade Wall x4 |
| 19:16 | Valas · wall_segment Palisade Wall x1 |
| 20:08 | Valas · wall_segment Palisade Wall x1 |
| 20:09 | Valas · wall_segment Palisade Wall x1 |
| 20:41 | Valas · age_up castle |
| 20:43 | Valas · wall_segment Palisade Wall x1 |
| 20:55 | Valas · first_building Siege Workshop |
| 22:28 | DS_Gali · first_market_sell 100 food |
| 22:29 | DS_Gali · first_market_buy 100 stone |
| 23:17 | Valas · wall_segment Palisade Wall x1 |
| 23:33 | DS_Gali · age_up castle |
| 23:46 | DS_Gali · first_building Castle |
| 24:00 | Valas · first_building Castle |
| 26:46 | Valas · first_building Monastery |
| 29:38 | DS_Gali · first_building Monastery |
| 31:30 | DS_Gali · wall_segment Palisade Wall x1 |
| 33:01 | Valas · first_market_sell 100 food |
| 36:15 | Valas · age_up imperial |
| 38:28 | DS_Gali · age_up imperial |
| 42:15 | DS_Gali · first_building Siege Workshop |
| 45:23 | DS_Gali · resign |
[ AI ANALYSIS · 1 CREDIT ]
What really happened in this match?
Wolo.gg analyzes every decision: build order, eco, micro, common mistakes by bracket. Personalized analysis on WhatsApp or Discord in 30 seconds.
Civ guide
Maya
Perfil
Valas